 Dungeon Crawl Stone Soup version 0.29-a0-866-g0545e20025 (webtiles) character file.

Game seed: 5236579968652198148

191427 Malachi the Warrior (level 18, -9/178 HPs)
             Began as a Ghoul Ice Elementalist on July 17, 2022.
             Was the Champion of Ru.
             Mangled by a bunyip (37 damage)
             ... on level 3 of the Swamp.
             The game lasted 01:31:07 (44877 turns).

Malachi the Warrior (Ghoul Ice Elementalist)       Turns: 44877, Time: 01:31:08

Health: -9/178     AC: 27    Str: 20    XL:     18   Next: 20%
Magic:  19/33      EV:  6    Int: 16    God:    Ru [******]
Gold:   2999       SH:  0    Dex:  7    Spells: 20/41 levels left

rFire   + + .      SeeInvis .   a - +7 lajatang of the Moon {freeze, rCorr Str+6}
rCold   + + +      Faith    .   (shield currently unavailable)
rNeg    + + +      Spirit   .   H - +2 robe {rC+ rF+}
rPois   ∞          Reflect  .   G - +2 hat
rElec   .          Harm     .   P - scarf {rC+ rF+}
rCorr   +          Rampage  .   I - +2 pair of gloves
Will    +....                   U - +2 pair of boots
Stlth   ..........              n - amulet of the acrobat
HPRegen 0.00/turn               B - +4 ring of protection
MPRegen 0.23/turn               d - +4 ring of protection

@: ice-armoured, inhibited regen, studying Polearms
A: claws 1, clumsy 1, cold resistance 1, negative energy resistance 3, inhibited
regeneration, torment resistance 2, no stealth, inability to use devices, hated
by all, inability to train dodging, reduced EV 1, devour on kill
}: 1/15 runes: gossamer
a: Renounce Religion, Draw Out Power, Power Leap, Apocalypse


You were on level 3 of the Swamp.
You worshipped Ru.
Ru was exalted by your worship.
You visited 6 branches of the dungeon, and saw 29 of its levels.

You collected 3660 gold pieces.
You spent 661 gold pieces at shops.

Inventory:

Hand Weapons
 a - the +7 lajatang of the Moon (weapon) {freeze, rCorr Str+6}
   (You found it on level 9 of the Dungeon)

   It freezes those it strikes, dealing additional cold damage.
   It can also slow down cold-blooded creatures.
   Str:       It affects your strength (+6).
   rCorr:     It protects you from acid and corrosion.
 h - a +4 vorpal rapier
 J - a +3 demon trident of electrocution
Missiles
 i - 3 throwing nets
Armour
 b - a scarf of repulsion
 G - a +2 hat (worn)
 H - a +2 robe of resistance (worn)
 I - a +2 pair of gloves (worn)
 P - a scarf of resistance (worn)
 U - a +2 pair of boots (worn)
Jewellery
 d - a +4 ring of protection (right hand)
 n - an amulet of the acrobat (around neck)
 s - a +6 ring of intelligence
 w - a ring of resist corrosion
 z - a ring of protection from fire
 B - a +4 ring of protection (left hand)
 K - a ring of wizardry
 N - a ring of willpower
 O - a ring of see invisible
 R - an amulet of regeneration
Scrolls
 c - 6 scrolls of magic mapping
 e - 3 scrolls of poison
 f - 3 scrolls of silence
 g - 4 scrolls of teleportation
 j - 6 scrolls of fog
 k - a scroll of enchant armour
 q - 2 scrolls of brand weapon
 r - 5 scrolls of fear
 t - 6 scrolls of enchant weapon
 y - a scroll of blinking
 C - 2 scrolls of torment
 D - 5 scrolls of immolation
 F - 2 scrolls of amnesia
 L - 3 scrolls of vulnerability
Potions
 l - 4 potions of attraction
 m - 15 potions of curing
 o - 4 potions of cancellation
 p - 4 potions of invisibility
 u - a potion of resistance
 v - 6 potions of might
 x - 6 potions of ambrosia
 E - 7 potions of haste
 M - 7 potions of heal wounds
 Q - 2 potions of flight
 T - 3 potions of brilliance


   Skills:
 - Level 20.0 Fighting
 - Level 14.0 Staves
 - Level 12.0 Spellcasting
 - Level 7.0 Conjurations
 - Level 6.0 Transmutations
 - Level 8.0 Ice Magic
 * Level 7.4 Air Magic
 - Level 10.0 Poison Magic


You had 20 spell levels left.
You knew the following spells:

 Your Spells              Type           Power      Damage    Failure   Level
a - Freeze                Ice            100%       1d11      1%          1
b - Frozen Ramparts       Ice            70%        1d9       1%          3
c - Ozocubu's Armour      Ice            35%        N/A       1%          3
d - Olgreb's Toxic Radia  Pois           41%        N/A       1%          4
e - Poisonous Vapours     Pois/Air       74%        N/A       1%          2
f - Ignite Poison         Fire/Tmut/Pois 26%        N/A       2%          3
g - Freezing Cloud        Conj/Ice/Air   16%        6-21      10%         5

Your spell library contained the following spells:

 Spells                   Type           Power      Damage    Failure   Level
 Magic Dart               Conj           100%       1d8       1%          1
 Sting                    Tmut/Pois      100%       1d8       1%          1
 Mephitic Cloud           Conj/Pois/Air  35%        N/A       1%          3
 Passwall                 Tmut/Erth      15%        N/A       3%          2
 Hailstorm                Conj/Ice       33%        3d8       3%          4
 Stone Arrow              Conj/Erth      40%        3d9       5%          3
 Sandblast                Erth           18%        2d7       8%          1
 Confusing Touch          Hex            9%         N/A       22%         3
 Gell's Gravitas          Tloc           9%         N/A       22%         3
 Inner Flame              Hex/Fire       9%         N/A       22%         3
 Lesser Beckoning         Tloc           9%         N/A       22%         3
 Portal Projectile        Hex/Tloc       18%        N/A       22%         3
 Teleport Other           Tloc           9%         N/A       22%         3
 Metabolic Englaciation   Hex/Ice        11%        N/A       36%         5
 Conjure Ball Lightning   Conj/Air       16%        3x3d6     50%         6
 Yara's Violent Unravell  Hex/Tmut       9%         3d6       52%         5
 Cause Fear               Hex            4%         N/A       58%         4
 Leda's Liquefaction      Hex/Erth       4%         N/A       58%         4
 Starburst                Conj/Fire      10%        6d5       95%         6
 Dispersal                Tloc           4%         N/A       100%        6
 Enfeeble                 Hex            4%         N/A       100%        7
 Discord                  Hex            4%         N/A       100%        8
 Disjunction              Tloc           4%         N/A       100%        8
 Summon Small Mammal      Summ           Unusable   N/A       N/A         1
 Call Imp                 Summ           Unusable   N/A       N/A         2
 Call Canine Familiar     Summ           Unusable   N/A       N/A         3
 Summon Guardian Golem    Hex/Summ       Unusable   N/A       N/A         3
 Simulacrum               Ice/Necr       Unusable   N/A       N/A         6

Dungeon Overview and Level Annotations

Branches:
Dungeon (13/15)            Temple (1/1) D:4            Lair (6/6) D:10
  Swamp (3/4) Lair:3       Spider (4/4) Lair:3        Slime (0/5) Lair:6
    Orc (2/2) D:10            Elf (0/3) Orc:2        Vaults (0/5) D:13

Altars:
Ashenzari
Cheibriados
Dithmenos
Gozag
Kikubaaqudgha
Makhleb
Nemelex Xobeh
Okawaru
Qazlal
Ru
Sif Muna
Trog
Uskayaw
Vehumet
Wu Jian
Xom

Shops:
Orc:2 ***(

Portals:
Trove: D:10 (give 5 scrolls of fear)

Annotations:
D:5 1 runed translucent door, exclusions: door and ice beast, Crazy Yiuf
Lair:3 1 runed translucent door, exclusion: door, Smoky173's ghost, journeyman HOMo
Spider:4 1 runed translucent door, exclusion: door, Etyduos's ghost, adept GnWn


Innate Abilities, Weirdness & Mutations

You are immune to poison.
You have sharp fingernails.
You are clumsy. (Dex -2)
Your flesh is cold resistant. (rC+)
You are immune to negative energy. (rN+++)
You do not regenerate when monsters are visible.
You are immune to unholy pain and torment.
You cannot be stealthy.
You cannot study or use magical devices.
You are hated by all.
You cannot train Dodging skill.
You have somewhat slow reflexes. (EV -5)
You thrive by killing the living.


Message History

The bunyip is moderately wounded.
The bunyip claws you! The bunyip claws you!!! The bunyip claws you!
You are too injured to fight recklessly!
Unknown command.
You are too injured to fight recklessly!
Unknown command.
Casting: Ozocubu's Armour (safe; 1% risk of failure)
Confirm with . or Enter, or press ? or * to list all spells.
Aiming: Freezing Cloud (dangerous; 10% risk of failure)
Press: ? - help, Dir - move target That beam is likely to hit you.
Continue anyway?
Okay, then.
Casting: Freezing Cloud (dangerous; 10% risk of failure)
Confirm with . or Enter, or press ? or * to list all spells.
Aiming: Freezing Cloud (dangerous; 10% risk of failure)
Press: ? - help, Dir - move target That beam is likely to hit you.
Continue anyway? [Y]es or [N]o only, please.
That beam is likely to hit you.
Continue anyway? [Y]es or [N]o only, please.
That beam is likely to hit you.
Continue anyway?
Okay, then.
Casting: Freezing Cloud (dangerous; 10% risk of failure)
Confirm with . or Enter, or press ? or * to list all spells.
Aiming: Freezing Cloud (dangerous; 10% risk of failure)
Press: ? - help, Dir - move target Unknown command.
You slash the bunyip! You freeze the bunyip.
The bunyip is heavily wounded.
You slash the bunyip! You freeze the bunyip.
The bunyip is severely wounded.
You completely miss the bunyip.
The bunyip is severely wounded.
The bunyip begins to attack, but is stunned by your conviction!
You slash the bunyip! You freeze the bunyip.
The bunyip is severely wounded.
The bunyip completely misses you. The bunyip claws you!!
* * * LOW HITPOINT WARNING * * *
The bunyip claws you!!!
You die...

≈≈≈.≈≈≈≈§≈≈≈
.≈.≈≈≈.≈≈≈≈ ...§.≈≈≈≈≈
...≈..§≈ ≈.. #..!≈≈♣
♣... #...≈♣♣ ...##.
#.†§°♣♣♣♣♣♣ ≈..#..
#..).@x°§☼♣ .....
..'.)♣.†§§☼§♣ ≈..#
.[#..♣♣♣§§§≈♣ ...##
##..♣§≈§..♣♣ ♣≈..##
##...≈≈≈≈§^♣
≈....#####....≈...≈≈.♣
.≈≈♣.......≈......≈≈.♣
≈≈≈.≈.....≈.......≈≈♣♣
≈≈≈≈.♣♣♣≈≈≈.♣♣♣≈...♣


You could see a bunyip (strong).

Vanquished Creatures
  Mara (Spider:4)
  Kirke (Lair:5)
  A fenstrider witch (Swamp:2)
  Aizul (Spider:3)
  4 emperor scorpions
  The ghost of Kaijucki the Blocker, a journeyman FoAK of Lugonu (Lair:6)
  5 ghost moths
  The ghost of Smoky173 the Missionary, a journeyman HOMo of Beogh (Lair:6)
  2 broodmothers
  The ghost of vilexx the Thaumaturge, a journeyman FoCj of Gozag (Lair:6)
  A very ugly thing (Swamp:1)
  6 bunyips (Swamp:2)
  An eleionoma (Swamp:1)
  The ghost of Waatremm the Thaumaturge, a journeyman DDNe of Makhleb (Lair:6)
  6 entropy weavers
  5 spark wasps
  The ghost of Naove the Protected, a journeyman MiBe of Trog (Lair:2)
  A fire dragon (Lair:6)
  7 vault guards (D:13)
  2 jorogumos
  14 hydras
  5 alligators
  Erica (D:9)
  6 boulder beetles
  2 catoblepae
  6 two-headed ogres
  A radroach (Spider:3)
  2 centaur warriors (D:13)
  2 orc high priests (Orc:2)
  3 pharaoh ants
  3 skeletal warriors (D:13)
  Lodul (D:10)
  3 spriggan druids
  5 steelbarb worms
  2 bog bodies (Swamp:1)
  5 goliath frogs
  Pikel (D:5)
  2 swamp dragons
  9 orb spiders
  A harpy (shapeshifter) (D:13)
  2 orc knights
  A cyclops (D:10)
  A deep elf pyromancer (D:13)
  8 ugly things (Swamp:1)
  21 wolf spiders
  5 orc sorcerers (Orc:2)
  4 manticores
  2 will-o-the-wisps
  5 moths of wrath
  21 elephants
  Joseph (D:7)
  A guardian serpent (Lair:6)
  8 black mambas
  3 torpor snails
  14 cane toads
  An unseen horror (D:11)
  8 demonic crawlers
  12 komodo dragons
  Psyche (D:12)
  An efreet (D:9)
  6 rime drakes
  3 tyrant leeches
  A meliai (D:13)
  Prince Ribbit (D:7)
  8 trolls
  16 hornets
  A bloated husk (Swamp:2)
  2 polar bears
  31 tarantellas
  6 blink frogs
  Grinder (D:5)
  4 dream sheep (Lair:6)
  A centaur simulacrum (D:13)
  3 spriggans
  18 jumping spiders
  3 shadows
  77 yaks
  22 culicivoras
  3 wraiths
  53 redbacks
  20 wyverns
  2 hogs (Lair:5)
  4 fire bats (Lair:3)
  2 basilisks
  4 steam dragons
  2 wargs
  Menkaure (D:7)
  19 vampire mosquitoes
  5 swamp worms
  2 acid dragons (D:11)
  18 water moccasins
  19 orc warriors
  A swamp drake (Lair:6)
  4 black bears
  14 ogres
  3 centaurs
  4 lemures
  A phantom (D:6)
  4 kobold brigands
  15 bullfrogs
  A gnoll sergeant (D:7)
  3 scorpions
  15 wights
  13 killer bees
  3 electric eels (Spider:4)
  6 jellies
  A howler monkey (D:4)
  A lava snake (Lair:3)
  A gnoll bouda (D:6)
  2 hounds
  25 orc priests
  Ijyb (D:3)
  4 iguanas
  30 orc wizards
  4 hell rats (Lair:6)
  10 gnolls
  8 adders
  4 white imps
  A worm (D:5)
  3 dart slugs
  60 orcs
  8 ball pythons
  5 bats
  8 endoplasms
  2 giant cockroaches
  7 hobgoblins
  5 jackals
  2 quokkas (D:2)
  3 frilled lizards
  5 goblins
  17 kobolds
  5 rats
910 creatures vanquished.

Vanquished Creatures (others)
  A bunyip (Swamp:3)
  A hydra (Swamp:1)
  A vault guard (D:13)
  An alligator (Swamp:2)
  A wolf spider (Spider:3)
  An ugly thing (Swamp:1)
  2 cane toads
  3 bloated husks
  A tarantella (Spider:4)
  A culicivora (Spider:2)
  A swamp worm (Swamp:1)
  A water moccasin (Lair:1)
  An ogre (D:10)
  An iguana (Lair:6)
  2 foxfires (Swamp:1)
  51 fungi
  98 plants
168 creatures vanquished.

Grand Total: 1078 creatures vanquished

Notes
Turn   | Place    | Note
-------+----------+-------------------------------------------
     0 | D:1      | Malachi the Ghoul Ice Elementalist began the quest for the
                  | Orb.
     0 | D:1      | Reached XP level 1. HP: 14/14 MP: 2/2
   120 | D:1      | Found a faded altar of an unknown god.
   377 | D:1      | Reached XP level 2. HP: 15/20 MP: 0/4
  1276 | D:2      | Reached XP level 3. HP: 20/26 MP: 6/6
  1280 | D:2      | Learned a level 3 spell: Frozen Ramparts
  1284 | D:2      | Learned a level 3 spell: Ozocubu's Armour
  2581 | D:2      | Reached XP level 4. HP: 33/33 MP: 6/8
  3303 | D:3      | Noticed Ijyb
  3311 | D:3      | Killed Ijyb
  3710 | D:3      | Reached XP level 5. HP: 32/38 MP: 10/10
  4116 | D:4      | Reached skill level 5 in Ice Magic
  4309 | D:4      | Reached XP level 6. HP: 39/45 MP: 11/11
  4517 | D:4      | Found a staircase to the Ecumenical Temple.
  4537 | Temple   | Entered the Ecumenical Temple
  4796 | D:4      | Found a stormy altar of Qazlal.
  4797 | D:4      | Found a blossoming altar of Fedhas.
  5162 | D:5      | Entered Level 5 of the Dungeon
  5162 | D:5      | Noticed Pikel
  5360 | D:5      | Killed Pikel
  5361 | D:5      | Reached skill level 5 in Fighting
  5361 | D:5      | Reached XP level 7. HP: 30/61 MP: 4/12
  5361 | D:5      | Reached XP level 8. HP: 33/68 MP: 4/13
  5426 | D:5      | Noticed Grinder
  5428 | D:5      | Paralysed by Grinder for 2 turns
  5810 | D:5      | Killed Grinder
  6179 | D:5      | Learned a level 4 spell: Olgreb's Toxic Radiance
  6443 | D:5      | Found a shadowy altar of Dithmenos.
  6833 | D:5      | Found an ornate altar of the Wu Jian Council.
  6907 | D:5      | Found a runed translucent door.
  6908 | D:5      | Noticed Crazy Yiuf
  6965 | D:5      | Found an opulent altar of Gozag.
  7447 | D:6      | Reached skill level 5 in Poison Magic
  7830 | D:6      | Noticed a yak
  7830 | D:6      | Noticed a yak
  7833 | D:6      | Noticed a yak
  7834 | D:6      | Noticed a yak
  7835 | D:6      | Noticed a yak
  7931 | D:7      | Reached XP level 9. HP: 61/74 MP: 0/14
  8160 | D:7      | Noticed Prince Ribbit
  8178 | D:7      | Killed Prince Ribbit
  8278 | D:7      | Noticed Joseph
  8289 | D:7      | Killed Joseph
  8791 | D:7      | Noticed a two-headed ogre
  8806 | D:7      | Killed a two-headed ogre
  8807 | D:7      | Reached skill level 10 in Poison Magic
  9142 | D:7      | Noticed Menkaure
  9497 | D:7      | Killed Menkaure
  9498 | D:7      | Reached skill level 5 in Spellcasting
  9498 | D:7      | Reached XP level 10. HP: 63/81 MP: 9/16
 11081 | D:8      | Found a sparkling altar of Nemelex Xobeh.
 11083 | D:8      | Found a bloodstained altar of Trog.
 11089 | D:8      | Found a basalt altar of Yredelemnul.
 11092 | D:8      | Found a snail-covered altar of Cheibriados.
 11093 | D:8      | Found a broken altar of Ashenzari.
 11099 | D:8      | Found a sacrificial altar of Ru.
 11100 | D:8      | Found a radiant altar of Vehumet.
 11104 | D:8      | Became a worshipper of Ru the Awakened
 11222 | D:8      | Reached skill level 6 in Fighting
 11621 | D:6      | Reached skill level 7 in Fighting
 11627 | D:6      | Reached XP level 11. HP: 61/92 MP: 6/22
 12091 | D:9      | Reached skill level 8 in Fighting
 12178 | D:9      | Identified the +7 lajatang of the Moon {freeze, rCorr
                  | Str+6}
 12256 | D:9      | Reached skill level 1 in Staves
 12582 | D:9      | Noticed Erica
 12597 | D:9      | Killed Erica
 12963 | D:9      | Noticed a two-headed ogre
 12989 | D:9      | Killed a two-headed ogre
 12991 | D:9      | Gained mutation: You are hated by all. [Ru sacrifice]
 12991 | D:9      | Reached * piety under Ru
 12991 | D:9      | Reached ** piety under Ru
 13350 | D:9      | Reached skill level 5 in Staves
 13919 | D:6      | Learned a level 2 spell: Poisonous Vapours
 13960 | D:10     | Entered Level 10 of the Dungeon
 13960 | D:10     | Noticed Lodul
 14123 | D:10     | Noticed a two-headed ogre
 14136 | D:10     | Killed a two-headed ogre
 14285 | D:10     | Found a staircase to the Lair.
 14298 | D:10     | Noticed a cyclops
 14315 | D:10     | Killed a cyclops
 14704 | D:10     | Found a portal to a secret trove of treasure.
 15124 | D:10     | Found a staircase to the Orcish Mines.
 15125 | D:10     | Noticed an orc knight
 15143 | D:10     | Killed an orc knight
 15289 | D:10     | Noticed a two-headed ogre
 15299 | D:10     | Killed a two-headed ogre
 15300 | D:10     | Reached XP level 12. HP: 94/101 MP: 7/23
 15532 | D:10     | Killed Lodul
 16052 | Lair:1   | Entered Level 1 of the Lair of Beasts
 16385 | Lair:1   | Reached skill level 10 in Staves
 16631 | Lair:1   | Noticed a six-headed hydra
 16642 | Lair:1   | Killed a nine-headed hydra
 17354 | Lair:2   | Noticed a five-headed hydra
 17362 | Lair:2   | Killed an eight-headed hydra
 17705 | Lair:2   | Found a large runed translucent door.
 17705 | Lair:2   | Found a large runed translucent door.
 17717 | Lair:2   | Noticed Naove's ghost (journeyman MiBe)
 17736 | Lair:2   | Killed Naove's ghost
 17737 | Lair:2   | Reached XP level 13. HP: 89/107 MP: 15/24
 17910 | Lair:2   | You fall into a shaft and drop 2 floors!
 18416 | Lair:3   | Found a hole to the Spider Nest.
 18905 | Lair:3   | Reached skill level 9 in Fighting
 19268 | Lair:3   | Found a runed translucent door.
 19268 | Lair:3   | Found a shimmering altar of Xom.
 19268 | Lair:3   | Noticed Smoky173's ghost (journeyman HOMo)
 19303 | Lair:3   | Found a staircase to the Swamp.
 19986 | Lair:3   | Reached skill level 10 in Fighting
 20339 | Lair:4   | Found an ornate altar of the Wu Jian Council.
 20849 | Lair:5   | Reached skill level 11 in Fighting
 21111 | Lair:5   | Gained mutation: You cannot study or use magical devices.
                  | [Ru sacrifice]
 21111 | Lair:5   | Reached *** piety under Ru
 21181 | Lair:5   | Reached skill level 12 in Fighting
 21181 | Lair:5   | Reached XP level 14. HP: 121/126 MP: 19/25
 21194 | Lair:5   | Got the Incunable of Striking
 21216 | Lair:5   | Noticed Kirke
 21236 | Lair:5   | Killed Kirke
 21624 | Lair:6   | Entered Level 6 of the Lair of Beasts
 21634 | Lair:6   | Reached skill level 13 in Fighting
 21841 | Lair:6   | Reached skill level 14 in Fighting
 21925 | Lair:6   | Identified the +6 mace of Law {venom, rPois rC- Dex+5}
 22168 | Lair:6   | Reached skill level 15 in Fighting
 22401 | Lair:6   | Found a runed translucent gate.
 22402 | Lair:6   | Found a runed translucent gate.
 22403 | Lair:6   | Found a runed translucent gate.
 22404 | Lair:6   | Noticed Smoky173's ghost (journeyman HOMo)
 22404 | Lair:6   | Noticed Kaijucki's ghost (journeyman FoAK)
 22404 | Lair:6   | Noticed vilexx's ghost (journeyman FoCj)
 22404 | Lair:6   | Noticed Waatremm's ghost (journeyman DDNe)
 22824 | Lair:6   | Killed Kaijucki's ghost
 22832 | Lair:6   | Killed Waatremm's ghost
 23309 | Lair:6   | Reached skill level 10 in Spellcasting
 23427 | Lair:6   | Reached XP level 15. HP: 128/141 MP: 25/28
 23765 | Lair:6   | Found a runed translucent door.
 23770 | Lair:6   | Found a staircase to the Slime Pits.
 24248 | Lair:6   | Killed Smoky173's ghost
 24280 | Lair:6   | Killed vilexx's ghost
 25112 | D:11     | Found a bloodstained altar of Trog.
 25909 | D:12     | Noticed Psyche
 25921 | D:12     | Killed Psyche
 26404 | D:13     | Found a gate to the Vaults.
 27126 | D:13     | Reached skill level 16 in Fighting
 28082 | Orc:1    | Entered Level 1 of the Orcish Mines
 28381 | Orc:2    | Entered Level 2 of the Orcish Mines
 28683 | Orc:2    | Gained mutation: You cannot be stealthy. [Ru sacrifice]
 28683 | Orc:2    | Reached **** piety under Ru
 28754 | Orc:2    | Found a staircase to the Elven Halls.
 29176 | Orc:2    | Reached skill level 17 in Fighting
 29353 | Orc:2    | Reached XP level 16. HP: 155/155 MP: 31/31
 29435 | Orc:2    | Found Paffox's Assorted Antiques.
 29435 | Orc:2    | Found Bololaak's General Store.
 29436 | Orc:2    | Found Yrarink's Assorted Antiques.
 29440 | Orc:2    | Found Ajes's Weapon Shoppe.
 29443 | Orc:2    | Bought a scroll of teleportation for 51 gold pieces
 29443 | Orc:2    | Bought a scroll of fog for 68 gold pieces
 29444 | Orc:2    | Bought a scroll labelled FITAWK VOAKLEU for 22 gold pieces
 29447 | Orc:2    | Bought a potion of haste for 300 gold pieces
 29461 | Orc:2    | Bought a potion of haste for 220 gold pieces
 30036 | Orc:2    | Learned a level 3 spell: Ignite Poison
 30227 | Swamp:1  | Entered Level 1 of the Swamp
 30309 | Spider:1 | Entered Level 1 of the Spider Nest
 30499 | Spider:1 | Reached skill level 1 in Transmutations
 31866 | Spider:1 | Gained mutation: You are clumsy. (Dex -2) [Ru sacrifice]
 32313 | Spider:1 | Reached skill level 5 in Transmutations
 33271 | Spider:2 | Reached skill level 18 in Fighting
 33960 | Spider:3 | Noticed Aizul
 33972 | Spider:3 | Killed Aizul
 34736 | Spider:3 | Reached skill level 19 in Fighting
 35413 | Spider:3 | Gained mutation: You cannot train Dodging skill. [Ru
                  | sacrifice]
 35413 | Spider:3 | Reached ***** piety under Ru
 35615 | Spider:3 | Reached XP level 17. HP: 126/168 MP: 27/32
 35763 | Spider:3 | Reached skill level 1 in Conjurations
 36539 | Spider:4 | Entered Level 4 of the Spider Nest
 37654 | Spider:4 | Found a runed translucent door.
 37654 | Spider:4 | Noticed Etyduos's ghost (adept GnWn)
 37670 | Spider:4 | Identified the +3 kite shield of the Miller {rN+ Slay+2}
 37800 | Spider:4 | Noticed Mara
 38202 | Spider:4 | Noticed Malachi's illusion
 38218 | Spider:4 | Killed Mara
 38219 | Spider:4 | Reached skill level 20 in Fighting
 38816 | Spider:4 | Reached skill level 5 in Conjurations
 39951 | Spider:4 | Got a gossamer rune of Zot
 40551 | Swamp:1  | Reached skill level 1 in Air Magic
 42077 | Swamp:2  | Reached skill level 5 in Air Magic
 42572 | Swamp:2  | Paralysed by a fenstrider witch for 5 turns
 42990 | Swamp:2  | Learned a level 5 spell: Freezing Cloud
 43001 | Swamp:2  | Reached XP level 18. HP: 149/178 MP: 27/33
 43730 | Swamp:2  | Gained mutation: You have somewhat slow reflexes. (EV -5)
                  | [Ru sacrifice]
 43730 | Swamp:2  | Reached ****** piety under Ru
 44877 | Swamp:3  | Mangled by a bunyip

Illustrated notes

Levels and vault maps discovered:
D:1:      amcnicky_arrival_wind_blow, layout_loops_corners,
          basic_ecumenical_altar
D:2:      kennysheep_big_flooded_room, layout_basic, serial_bayou_pond_b
D:3:      layout_loops_corners, grunt_ministairs_9, dreamdust_wishing_well,
          roderic_roman_lattice, uniq_ijyb
D:4:      layout_basic, grunt_temple_overflow_forces_of_nature,
          minmay_temple_entry_junction
D:5:      layout_cave_pools, nzn_wu_jian_contemplation, minitemple,
          uniq_grinder, uniq_crazy_yiuf_cottage, uniq_pikel
D:6:      layout_basic
D:7:      layout_loops_corners, uniq_menkaure, uniq_joseph, uniq_prince_ribbit1
D:8:      layout_basic, nicolae_overflow_hallway_of_the_gods
D:9:      wad_cavern_with_rooms, layout_irregular_city, uniq_erica
D:10:     layout_cross, david_lair_shrubbed, david_orc_5,
          nicolae_trove_entry_isolated, uniq_lodul
D:11:     layout_small_grid, trog_antimagical
D:12:     layout_irregular_city, uniq_psyche
D:13:     hangedman_cross_stitches, layout_small_grid, erik_vaults_2,
          amcnicky_mini_pool_small
Temple:   hellmonk_temple_rainy
Lair:1:   layout_regular_city, dreamdust_wasp_nest
Lair:2:   layout_loops_ring, ebering_ghost_disaster_area
Lair:3:   layout_gridlike, palyth_hydra_swamp_entry,
          nicolae_spider_entry_tight_spaces, ebering_ghost_xom, st_stairs_3
Lair:4:   layout_regular_city, basic_altar
Lair:5:   layout_misc_corridors, uniq_kirke
Lair:6:   guppyfry_lair_end_dragon, layout_hall_layers,
          hangedman_lair_tendril_chambers, slime_entry_2,
          gammafunk_ghost_cemetery, st_stairs_6
Swamp:1:  layout_basic_swamp, portal_ice_cave_entry_ugly_swarm,
          nicolae_swamp_round_clearing
Swamp:2:  layout_falls_marsh, nicolae_swamp_bean_lake
Swamp:3:  layout_basic_swamp, evilmike_swamp_ruin_house_3
Spider:1: layout_spider_delve
Spider:2: layout_spider_delve
Spider:3: nicolae_spider_hilbert_zone_3 [nicolae_spider_hilbert_4_sides_2_open,
          nicolae_spider_hilbert_3_sides_1_open,
          nicolae_spider_hilbert_3_sides_1_open,
          nicolae_spider_hilbert_3_sides_1_open,
          nicolae_spider_hilbert_3_sides_1_open,
          nicolae_spider_hilbert_4_sides_1_open,
          nicolae_spider_hilbert_4_sides_1_open,
          nicolae_spider_hilbert_4_sides_1_open,
          nicolae_spider_hilbert_4_sides_1_open,
          nicolae_spider_hilbert_4_sides_1_open,
          nicolae_spider_hilbert_4_sides_1_open,
          nicolae_spider_hilbert_4_sides_1_open,
          nicolae_spider_hilbert_4_sides_1_open,
          nicolae_spider_hilbert_3_sides_1_open,
          nicolae_spider_hilbert_3_sides_1_open,
          nicolae_spider_hilbert_3_sides_1_open,
          nicolae_spider_hilbert_3_sides_1_open], hangedman_spider_mandibles,
          nicolae_spider_cling_halls, uniq_aizul
Spider:4: spider_rune_water, hellmonk_ghost_happy_afterlife,
          nicolae_spider_spiderdrome, uniq_mara
Orc:1:    layout_diamond_mine
Orc:2:    st_orc_mages, layout_caves

Skill      XL: |  1  2  3  4  5  6  7  8  9 10 11 12 13 14 15 16 17 18 |
---------------+-------------------------------------------------------+-----
Spellcasting   | 2 3 4 5 8 10 12 | 12.0
Ice Magic      | 6 8 |  8.0
Fighting       | 5 7 8 12 15 17 19 20 | 20.0
Poison Magic   | 6 10 | 10.0
Staves         | 8 12 14 | 14.0
Stealth        | 0 |  0.0
Transmutations | 6 |  6.0
Dodging        | 0 |  0.0
Conjurations   | 7 |  7.0
Air Magic      | 5 7 |  7.4

Action                   |  1- 3 |  4- 6 |  7- 9 | 10-12 | 13-15 | 16-18 || total
-------------------------+-------+-------+-------+-------+-------+-------++-------
Melee: Unarmed           |    15 |       |       |       |       |       ||    15
       Rapier            |    47 |   128 |   109 |   106 |       |       ||   390
       Punch             |     1 |     4 |     3 |     1 |       |       ||     9
       Lajatang          |       |       |       |   263 |   763 |   739 ||  1765
 Cast: Freeze            |    15 |     9 |     4 |       |     1 |     1 ||    30
       Frozen Ramparts   |     1 |     7 |    15 |    43 |    73 |    18 ||   157
       Ozocubu's Armour  |       |     2 |     7 |    46 |    77 |    37 ||   169
       Olgreb's Toxic Ra |       |       |     8 |    42 |    60 |   127 ||   237
       Poisonous Vapours |       |       |       |    23 |    15 |    13 ||    51
       Ignite Poison     |       |       |       |       |       |    15 ||    15
       Freezing Cloud    |       |       |       |       |       |    12 ||    12
Invok: Sacrifice Love    |       |       |       |     1 |       |       ||     1
       Reject Sacrifices |       |       |       |     1 |     1 |       ||     2
       Sacrifice Artific |       |       |       |       |     1 |       ||     1
       Sacrifice Stealth |       |       |       |       |     1 |       ||     1
       Sacrifice Purity  |       |       |       |       |       |     1 ||     1
       Sacrifice Nimblen |       |       |       |       |       |     1 ||     1
       Apocalypse        |       |       |       |       |       |     1 ||     1
       Sacrifice Health  |       |       |       |       |       |     1 ||     1
Evoke: Wand              |       |       |     3 |     8 |       |       ||    11
  Use: Scroll            |       |     1 |    14 |     6 |     9 |     5 ||    35
       Potion            |       |       |       |       |     8 |     3 ||    11
 Stab: Sleeping          |     4 |     4 |     1 |       |     1 |       ||    10
       Paralysed         |       |       |       |    19 |       |     2 ||    21
       Distracted        |       |       |       |     1 |     1 |     2 ||     4
       Invisible         |       |       |       |       |     3 |     4 ||     7
Armor: Robe              |    19 |    22 |    29 |   174 |   401 |   458 ||  1103
Dodge: Dodged            |    55 |    96 |   102 |   294 |   492 |   542 ||  1581

Table legend: (Time is in decaauts)
 A = Elapsed time spent in this place.
 B = Non-inter-level travel time spent in this place.
 C = Inter-level travel time spent in this place.
 D = Time resting spent in this place.
 E = Time spent auto-exploring this place.
 F = Levels seen in this place.
 G = Mean time per level.
                   A        B        C        D        E       F      G
               +--------+--------+--------+--------+--------+-----+--------+
         Total |  44717 |  42419 |   2298 |  12634 |  21789 |  29 | 1542.0 |
       Dungeon |  19636 |  18384 |   1252 |   4311 |  10873 |  13 | 1510.5 |
        Temple |     41 |     41 |      0 |      0 |     24 |   1 |   41.0 |
          Lair |   8599 |   7952 |    647 |   1753 |   4094 |   6 | 1433.2 |
         Swamp |   4390 |   4331 |     59 |   2327 |   1365 |   3 | 1463.3 |
   Spider Nest |  10044 |   9911 |    133 |   3763 |   4508 |   4 | 2511.0 |
  Orcish Mines |   2004 |   1800 |    204 |    480 |    923 |   2 | 1002.0 |
               +--------+--------+--------+--------+--------+-----+--------+

Top non-repeatable levels by time:
Spider:4: 3852 daAuts
  Lair:6: 2731 daAuts
 Swamp:2: 2606 daAuts
Spider:3: 2344 daAuts
Spider:1: 2233 daAuts
  Lair:3: 2197 daAuts
    D:10: 2152 daAuts
     D:9: 2130 daAuts
     D:7: 1896 daAuts
     D:2: 1654 daAuts
    D:13: 1643 daAuts
     D:8: 1621 daAuts
Spider:2: 1614 daAuts
 Swamp:1: 1531 daAuts
     D:4: 1523 daAuts
